Harfangs vs Demolitions
Created - 26 mars 2017 at 21:41
Goals
|
Harfangs |
1 |
0 |
3 |
0 |
1 |
4 |
Demolitions |
1 |
1 |
2 |
0 |
2 |
5 |
|
Shots
|
Harfangs |
12 |
6 |
16 |
7 |
6 |
41 |
Demolitions |
14 |
6 |
14 |
1 |
6 |
35 |
|
1st period
1. Harfangs , Petri Kontiola 23 (Brandon Pirri, Tomas Tatar) at 6:26
2. Demolitions , Marek Zagrapan 18 (Matt D'Agostini) at 15:11
Penalties :
Bobby Butler (Vic) for Hooking (Minor) at 6:33, Jean-Gabriel Pageau (BEA) for Tripping (Minor) at 10:06
2nd period
3. Demolitions , Ryan Vesce 30 (Bobby Butler, Darren Helm) at 14:24
Penalties :
Alex Killorn (BEA) for Roughing (Minor) at 1:34, Alex Killorn (BEA) for Interference (Minor) at 10:13, Andrew Campbell (Vic) for Roughing (Minor) at 17:19
3rd period
4. Harfangs , Dustin Jeffrey 9 (Victor Bartley, Calle Jarnkrok) at 1:37
5. Harfangs , Peter Olvecky 25 (Victor Bartley, Roman Cervenka) at 9:13
6. Demolitions , Darren Helm 22 (Doug Janik, Cameron Schilling) at 12:12
7. Harfangs , Petri Kontiola 24 (Victor Bartley, Tomas Tatar) at 14:31
8. Demolitions , David Laliberté 14 (Josh Beaulieu, Nicolas Blanchard) at 19:21
Penalties :
Ryan Vesce (Vic) for Charging (Minor) at 4:10, Jean-Gabriel Pageau (BEA) for Roughing (Minor) at 14:54, Brian Lashoff (BEA) for Hooking (Minor) at 19:48
Overtime #1
No Goal
Penalties :
No Penalty
Shootout
Penalty Shot by Cam Atkinson for Harfangs - Stopped by Joe Cannata
Penalty Shot by Bobby Butler for Demolitions - Shot Misses the Net
Penalty Shot by Tomas Tatar for Harfangs - Goal!
Penalty Shot by Darren Helm for Demolitions - Stopped by Anton Forsberg
Penalty Shot by Dustin Jeffrey for Harfangs - Shot Misses the Net
Penalty Shot by Ryan Vesce for Demolitions - Goal!
Penalty Shot by Peter Olvecky for Harfangs - Shot Misses the Net
Penalty Shot by Matt D'Agostini for Demolitions - Stopped by Anton Forsberg
Penalty Shot by Petri Kontiola for Harfangs - Stopped by Joe Cannata
Penalty Shot by David Laliberté for Demolitions - Stopped by Anton Forsberg
Penalty Shot by Alex Killorn for Harfangs - Stopped by Joe Cannata
Penalty Shot by Cameron Schilling for Demolitions - Goal!
Penalties :
No Penalty
Goalie Stats
Anton Forsberg (BEA), 31 saves from 35 shots - (0,886), OTL, 4-4-2, 65:00 minutes
Joe Cannata (Vic), 37 saves from 41 shots - (0,902), W, 9-11-0, 64:28 minutes
Players Stats for Harfangs
Player Name G A P +/- PIM S H SB GA TA FO MP PP MP PK MP
------------------------------------------------------------------------------------
Alex Killorn 0 0 0 -2 4 1 4 0 2 0 1/4 21:40 2:49 0:16
Andrew Orpik 0 0 0 0 0 2 2 0 0 0 0/0 23:15 3:11 3:42
Brandon Pirri 0 1 1 1 0 2 1 2 0 0 0/0 13:56 2:37 0:00
Brian Lashoff 0 0 0 0 2 0 3 1 0 1 0/0 23:59 3:11 2:52
Calle Jarnkrok 0 1 1 1 0 4 2 0 0 0 3/7 11:57 0:09 0:56
Cam Atkinson 0 0 0 -3 0 1 3 1 1 0 1/2 21:02 3:08 0:00
Cam Fowler 0 0 0 0 0 2 0 3 0 0 0/0 31:31 2:46 6:13
Dennis Everberg 0 0 0 1 0 1 1 2 0 0 0/0 10:46 0:00 0:00
Dustin Jeffrey 1 0 1 1 0 3 2 0 0 0 0/1 10:46 0:00 0:00
Dylan Olsen 0 0 0 0 0 0 0 1 0 0 0/0 6:54 0:00 0:00
Jean-Gabriel Pageau 0 0 0 -2 4 1 2 1 1 0 13/32 22:19 2:49 2:26
Joel Armia 0 0 0 1 0 1 0 0 0 0 0/0 6:33 0:12 0:00
Peter Olvecky 1 0 1 1 0 3 0 0 0 0 0/0 11:00 0:09 4:05
Petri Kontiola 2 0 2 0 0 6 1 0 1 0 12/24 21:48 2:59 4:22
Reid McNeill 0 0 0 0 0 0 0 0 0 0 0/0 13:43 0:00 0:50
Roman Cervenka 0 1 1 1 0 2 0 0 0 1 1/3 9:37 0:00 2:51
Tomas Tatar 0 2 2 0 0 4 0 0 0 1 1/1 18:16 2:59 3:06
Victor Bartley 0 3 3 0 0 8 1 1 0 1 0/0 30:58 2:46 6:13
Players Stats for Demolitions
Player Name G A P +/- PIM S H SB GA TA FO MP PP MP PK MP
------------------------------------------------------------------------------------
Andrew Campbell 0 0 0 -2 2 0 2 4 0 0 0/0 22:07 3:24 2:10
Billy Sweat 0 0 0 -1 0 3 1 0 1 0 0/0 17:38 3:37 0:00
Bobby Butler 0 1 1 2 2 3 2 2 0 0 7/14 26:58 4:27 2:24
Cameron Schilling 0 1 1 1 0 1 1 1 2 0 0/0 31:02 4:43 3:08
Corban Knight 0 0 0 0 0 1 1 0 0 0 2/3 5:05 0:03 0:54
Darren Helm 1 1 2 2 0 4 1 1 0 0 19/31 27:34 4:27 3:20
David Laliberté 1 0 1 -1 0 2 1 0 1 1 0/0 14:05 0:03 0:00
David Rundblad 0 0 0 -2 0 2 1 0 0 1 0/0 22:57 3:24 2:49
Doug Janik 0 1 1 1 0 0 2 0 0 1 0/0 28:26 4:43 3:08
Josh Beaulieu 0 1 1 -1 0 1 2 0 0 1 1/1 13:50 0:00 0:52
Marek Zagrapan 1 0 1 -1 0 7 5 0 0 0 5/13 17:38 3:37 0:00
Matt D'Agostini 0 1 1 -1 0 4 2 1 0 0 1/2 21:16 3:37 1:38
Nick Pryor 0 0 0 0 0 0 0 0 0 0 0/0 2:36 0:00 0:00
Nicolas Blanchard 0 1 1 -1 0 3 1 1 0 0 5/6 15:24 0:00 1:53
Robert Bortuzzo 0 0 0 1 0 1 1 0 0 0 0/0 11:01 0:00 0:00
Ryan Vesce 1 0 1 2 2 3 2 0 0 1 1/3 21:26 4:27 0:53
Taylor Aronson 0 0 0 1 0 0 0 0 0 0 0/0 12:12 0:00 0:39
Vince Rocco 0 0 0 0 0 0 0 0 0 0 1/1 2:45 0:03 0:00
3 Stars
1 - Darren Helm (Vic)
2 - Petri Kontiola (BEA)
3 - Victor Bartley (BEA)
Power Play
Harfangs - 0 on 3 Attempt(s) - 0,00%
Demolitions - 0 on 5 Attempt(s) - 0,00%
Penalty Kill
Harfangs - 5 on 5 Attempt(s) - 100,00%
- Score 0 goal in Penalty Kill
Demolitions - 3 on 3 Attempt(s) - 100,00%
- Score 0 goal in Penalty Kill
Team Stat
Harfangs - Hits : 22 - Faceoff Wins : 32 - Blocked Shots : 12 - Penalty Minutes : 10
Demolitions - Hits : 25 - Faceoff Wins : 42 - Blocked Shots : 10 - Penalty Minutes : 6
Official
Referees : Leggo Mike and Pochmara Brian
Linesman : Don Henderson and Michel Cormier
Game Notes
Dylan Olsen is injured at 10:08 of 2nd period (Upper Body)
Finance
Level 1 -- Attendance: 1526 (76,30%) -- Ticket Income 53 410 $
Level 2 -- Attendance: 667 (66,70%) -- Ticket Income 10 005 $
Total Attendance: 2193 (73,10%)
Total Ticket Income: 63 415 $
Other Income: 3 171 $
Total Income: 66 586 $
Harfangs
5 vs 5 Forward
Center Left Wing Right Wing Time % Phy DF OF
1 Jean-Gabriel Pageau Alex Killorn Cam Atkinson 40 1 2 2
2 Petri Kontiola Tomas Tatar Brandon Pirri 30 1 2 2
3 Calle Jarnkrok Dustin Jeffrey Dennis Everberg 20 1 2 2
4 Roman Cervenka Peter Olvecky Joel Armia 10 1 2 2
5 vs 5 Defense
Defense Defense Time % Phy DF OF
1 Victor Bartley Cam Fowler 40 1 2 2
2 Brian Lashoff Andrew Orpik 30 1 2 2
3 Dylan Olsen Reid McNeill 20 1 2 2
4 Victor Bartley Cam Fowler 10 1 2 2
PowerPlay Forward
Center Left Wing Right Wing Time % Phy DF OF
1 Petri Kontiola Tomas Tatar Cam Atkinson 60 1 2 2
2 Jean-Gabriel Pageau Alex Killorn Brandon Pirri 40 1 2 2
PowerPlay Defense
Defense Defense Time % Phy DF OF
1 Victor Bartley Cam Fowler 60 1 2 2
2 Brian Lashoff Andrew Orpik 40 1 2 2
Penalty Kill 4 Players Forward
Center Wing Time % Phy DF OF
1 Petri Kontiola Peter Olvecky 60 1 2 2
2 Jean-Gabriel Pageau Petri Kontiola 40 1 2 2
Penalty Kill 4 Players Defense
Defense Defense Time % Phy DF OF
1 Victor Bartley Cam Fowler 60 1 2 2
2 Brian Lashoff Andrew Orpik 40 1 2 2
Penalty Kill - 3 Players Forward
Forward Time % Phy DF OF
1 Jean-Gabriel Pageau 60 1 2 2
2 Petri Kontiola 40 1 2 2
Penalty Kill - 3 Players Defense
Defense Defense Time % Phy DF OF
1 Victor Bartley Cam Fowler 60 1 2 2
2 Brian Lashoff Andrew Orpik 40 1 2 2
4 vs 4 Forward
Center Wing Time % Phy DF OF
1 Petri Kontiola Alex Killorn 60 1 2 2
2 Jean-Gabriel Pageau Cam Atkinson 40 1 2 2
4 vs 4 Defense
Defense Defense Time % Phy DF OF
1 Victor Bartley Cam Fowler 60 1 2 2
2 Brian Lashoff Andrew Orpik 40 1 2 2
Last Minutes Offensive
Center Left Wing Right Wing Defense Defense
Petri Kontiola Tomas Tatar Cam Atkinson Victor Bartley Cam Fowler
Last Minutes Defensive
Center Left Wing Right Wing Defense Defense
Petri Kontiola Tomas Tatar Cam Atkinson Victor Bartley Cam Fowler
Goaltenders
Starting : Anton Forsberg
Backup : Jeremy Duchesne
Extra Forwards
Normal : Jean-Gabriel Pageau, Cam Atkinson, Tomas Tatar - PP : Jean-Gabriel Pageau, Cam Atkinson - PK : Roman Cervenka
Extra Defensemen
Normal : Dylan Olsen, Reid McNeill, Brian Lashoff - PP : Dylan Olsen - PK : Reid McNeill, Brian Lashoff
Penalty Shots
Cam Atkinson, Tomas Tatar, Dustin Jeffrey, Peter Olvecky, Petri Kontiola
Demolitions
5 vs 5 Forward
Center Left Wing Right Wing Time % Phy DF OF
1 Darren Helm Bobby Butler Ryan Vesce 40 1 2 2
2 Marek Zagrapan Billy Sweat Matt D'Agostini 30 1 2 2
3 Nicolas Blanchard Josh Beaulieu David Laliberté 20 1 2 2
4 Corban Knight Bobby Butler Darren Helm 10 1 2 2
5 vs 5 Defense
Defense Defense Time % Phy DF OF
1 Cameron Schilling Doug Janik 40 1 2 2
2 David Rundblad Andrew Campbell 30 1 2 2
3 Robert Bortuzzo Taylor Aronson 20 1 2 2
4 Nick Pryor Cameron Schilling 10 1 2 2
PowerPlay Forward
Center Left Wing Right Wing Time % Phy DF OF
1 Darren Helm Bobby Butler Ryan Vesce 60 1 2 2
2 Marek Zagrapan Billy Sweat Matt D'Agostini 40 1 2 2
PowerPlay Defense
Defense Defense Time % Phy DF OF
1 Cameron Schilling Doug Janik 60 1 2 2
2 David Rundblad Andrew Campbell 40 1 2 2
Penalty Kill 4 Players Forward
Center Wing Time % Phy DF OF
1 Bobby Butler Darren Helm 60 1 2 2
2 Ryan Vesce Matt D'Agostini 40 1 2 2
Penalty Kill 4 Players Defense
Defense Defense Time % Phy DF OF
1 Cameron Schilling Doug Janik 60 1 2 2
2 David Rundblad Andrew Campbell 40 1 2 2
Penalty Kill - 3 Players Forward
Forward Time % Phy DF OF
1 Bobby Butler 60 1 2 2
2 Darren Helm 40 1 2 2
Penalty Kill - 3 Players Defense
Defense Defense Time % Phy DF OF
1 Cameron Schilling Doug Janik 60 1 2 2
2 David Rundblad Andrew Campbell 40 1 2 2
4 vs 4 Forward
Center Wing Time % Phy DF OF
1 Bobby Butler Darren Helm 60 1 2 2
2 Ryan Vesce Matt D'Agostini 40 1 2 2
4 vs 4 Defense
Defense Defense Time % Phy DF OF
1 Cameron Schilling Doug Janik 60 1 2 2
2 David Rundblad Andrew Campbell 40 1 2 2
Last Minutes Offensive
Center Left Wing Right Wing Defense Defense
Darren Helm Bobby Butler Ryan Vesce Cameron Schilling Doug Janik
Last Minutes Defensive
Center Left Wing Right Wing Defense Defense
Darren Helm Bobby Butler Ryan Vesce Cameron Schilling Doug Janik
Goaltenders
Starting : Joe Cannata
Backup : Jussi Rynnas
Extra Forwards
Normal : Vince Rocco, David Laliberté, Nicolas Blanchard - PP : Vince Rocco, David Laliberté - PK : Nicolas Blanchard
Extra Defensemen
Normal : Robert Bortuzzo, Taylor Aronson, Nick Pryor - PP : Robert Bortuzzo - PK : Taylor Aronson, Nick Pryor
Penalty Shots
Bobby Butler, Darren Helm, Ryan Vesce, Matt D'Agostini, David Laliberté
% Time on Ice - Harfangs
Lines # - Real PCT - Wanted PCT - Time Play
Normal Forward
1 - 37% - 40% - 16:52
2 - 25% - 30% - 11:22
3 - 24% - 20% - 10:46
4 - 14% - 10% - 6:21
Normal Defense
1 - 40% - 40% - 18:14
2 - 28% - 30% - 12:55
3 - 28% - 20% - 12:53
4 - 3% - 10% - 1:19
PP Forward
1 - 53% - 60% - 3:08
2 - 47% - 40% - 2:49
PP Defense
1 - 46% - 60% - 2:46
2 - 54% - 40% - 3:11
PK Forward
1 - 85% - 60% - 6:55
2 - 15% - 40% - 1:12
PK Defense
1 - 65% - 60% - 5:15
2 - 35% - 40% - 2:52
PK3 Forward
1 - 84% - 60% - 1:31
2 - 16% - 40% - 0:17
PK3 Defense
1 - 54% - 60% - 0:58
2 - 46% - 40% - 0:50
44 Forward
1 - 83% - 60% - 2:39
2 - 17% - 40% - 0:33
44 Defense
1 - 58% - 60% - 1:51
2 - 42% - 40% - 1:21
Last Minute Offensive - 0:00
Last Minute Defensive - 0:35
Total
Forward - 65:00
Defense - 65:00
|
% Time on Ice - Demolitions
Lines # - Real PCT - Wanted PCT - Time Play
Normal Forward
1 - 32% - 40% - 14:49
2 - 32% - 30% - 14:39
3 - 28% - 20% - 12:58
4 - 8% - 10% - 3:30
Normal Defense
1 - 38% - 40% - 17:32
2 - 32% - 30% - 14:47
3 - 24% - 20% - 11:01
4 - 6% - 10% - 2:36
PP Forward
1 - 55% - 60% - 4:30
2 - 45% - 40% - 3:37
PP Defense
1 - 58% - 60% - 4:43
2 - 42% - 40% - 3:24
PK Forward
1 - 73% - 60% - 4:19
2 - 27% - 40% - 1:38
PK Defense
1 - 53% - 60% - 3:08
2 - 47% - 40% - 2:49
PK3 Forward
1 - 0% - 60%
2 - 0% - 40%
PK3 Defense
1 - 0% - 60%
2 - 0% - 40%
44 Forward
1 - 73% - 60% - 3:38
2 - 27% - 40% - 1:22
44 Defense
1 - 61% - 60% - 3:03
2 - 39% - 40% - 1:57
Last Minute Offensive - 0:00
Last Minute Defensive - 0:00
Total
Forward - 65:00
Defense - 65:00
|
Play by Play
1st period
0:01 of 1st period - Jean-Gabriel Pageau wins face-off versus Darren Helm in neutral zone.
0:16 of 1st period - Wrist shot by Cam Atkinson.
0:16 of 1st period - Deflect By Jean-Gabriel Pageau.
0:16 of 1st period - Shot Misses the Net.
0:16 of 1st period - Puck is out of play.
0:17 of 1st period - Petri Kontiola wins face-off versus Marek Zagrapan in Demolitions zone.
0:24 of 1st period - Slapshot by Tomas Tatar.
0:24 of 1st period - Shot Misses the Net.
0:32 of 1st period - Snap shot by Matt D'Agostini.
0:32 of 1st period - Deflect By Marek Zagrapan.
0:32 of 1st period - Stopped by Anton Forsberg with a rebound.
1:09 of 1st period - Dylan Olsen is hit by David Laliberté.
3:22 of 1st period - Icing by Nicolas Blanchard.
3:23 of 1st period - Marek Zagrapan wins face-off versus Petri Kontiola in Demolitions zone.
4:11 of 1st period - Snap shot by Dustin Jeffrey.
4:11 of 1st period - Stopped by Joe Cannata with a rebound.
4:31 of 1st period - Wrist shot by Joel Armia.
4:31 of 1st period - Stopped by Joe Cannata without a rebound.
4:32 of 1st period - Darren Helm wins face-off versus Jean-Gabriel Pageau in Demolitions zone.
4:36 of 1st period - Off-side.
4:37 of 1st period - Darren Helm wins face-off versus Jean-Gabriel Pageau in neutral zone.
4:59 of 1st period - Icing by Cam Atkinson.
5:00 of 1st period - Jean-Gabriel Pageau wins face-off versus Marek Zagrapan in Harfangs zone.
5:00 of 1st period - Jean-Gabriel Pageau is hit by Billy Sweat.
5:08 of 1st period - Wrist shot by Billy Sweat.
5:08 of 1st period - Stopped by Anton Forsberg with a rebound.
5:14 of 1st period - Cameron Schilling is hit by Brandon Pirri and loses puck.
5:25 of 1st period - Petri Kontiola is hit by Marek Zagrapan and loses puck.
6:26 of 1st period - Snap shot by Petri Kontiola.
6:26 of 1st period - Goal by Petri Kontiola - Harfangs : 1 - Demolitions : 0.
6:27 of 1st period - Jean-Gabriel Pageau wins face-off versus Bobby Butler in neutral zone.
6:27 of 1st period - Jean-Gabriel Pageau is hit by Bobby Butler.
6:30 of 1st period - Off-side.
6:31 of 1st period - Darren Helm wins face-off versus Alex Killorn in neutral zone.
6:33 of 1st period - Minor Penalty to Bobby Butler for Hooking.
6:34 of 1st period - Nicolas Blanchard wins face-off versus Petri Kontiola in Demolitions zone.
6:40 of 1st period - Snap shot by Darren Helm.
6:40 of 1st period - Shot Misses the Net.
6:58 of 1st period - Snap shot by Brandon Pirri.
6:58 of 1st period - Stopped by Joe Cannata with a rebound.
7:28 of 1st period - David Rundblad is hit by Cam Atkinson and loses puck.
8:33 of 1st period - Penalty to Bobby Butler is over, Bobby Butler is back on ice.
8:42 of 1st period - Slapshot by Matt D'Agostini.
8:42 of 1st period - Stopped by Anton Forsberg with a rebound.
8:46 of 1st period - Snap shot by Matt D'Agostini.
8:46 of 1st period - Stopped by Anton Forsberg with a rebound.
8:48 of 1st period - Snap shot by Marek Zagrapan.
8:48 of 1st period - Stopped by Anton Forsberg with a rebound.
9:08 of 1st period - Wrist shot by Peter Olvecky.
9:08 of 1st period - Shot Blocked by Darren Helm.
9:10 of 1st period - Snap shot by Brian Lashoff.
9:10 of 1st period - Deflect By Peter Olvecky.
9:10 of 1st period - Shot Misses the Net.
9:10 of 1st period - Puck is out of play.
9:11 of 1st period - Josh Beaulieu wins face-off versus Roman Cervenka in Demolitions zone.
9:42 of 1st period - Dennis Everberg is hit by Matt D'Agostini and loses puck.
10:06 of 1st period - Minor Penalty to Jean-Gabriel Pageau for Tripping.
10:07 of 1st period - Petri Kontiola wins face-off versus Bobby Butler in Harfangs zone.
11:58 of 1st period - Matt D'Agostini is hit by Alex Killorn and loses puck.
12:06 of 1st period - Penalty to Jean-Gabriel Pageau is over, Jean-Gabriel Pageau is back on ice.
13:51 of 1st period - Snap shot by Peter Olvecky.
13:51 of 1st period - Stopped by Joe Cannata without a rebound.
13:52 of 1st period - Darren Helm wins face-off versus Roman Cervenka in Demolitions zone.
13:57 of 1st period - Snap shot by Darren Helm.
13:57 of 1st period - Stopped by Anton Forsberg without a rebound.
13:58 of 1st period - Jean-Gabriel Pageau wins face-off versus Marek Zagrapan in Harfangs zone.
14:08 of 1st period - Snap shot by Marek Zagrapan.
14:08 of 1st period - Stopped by Anton Forsberg with a rebound.
14:10 of 1st period - Wrist shot by Marek Zagrapan.
14:10 of 1st period - Shot Misses the Net.
14:12 of 1st period - Snap shot by Billy Sweat.
14:12 of 1st period - Stopped by Anton Forsberg without a rebound.
14:13 of 1st period - Darren Helm wins face-off versus Jean-Gabriel Pageau in Harfangs zone.
14:14 of 1st period - Snap shot by Ryan Vesce.
14:14 of 1st period - Shot Blocked by Cam Atkinson.
14:22 of 1st period - Snap shot by Alex Killorn.
14:22 of 1st period - Shot Blocked by Andrew Campbell.
14:24 of 1st period - Slapshot by Cam Atkinson.
14:24 of 1st period - Stopped by Joe Cannata with a rebound.
14:26 of 1st period - Slapshot by Victor Bartley.
14:26 of 1st period - Stopped by Joe Cannata without a rebound.
14:27 of 1st period - Petri Kontiola wins face-off versus Darren Helm in Demolitions zone.
14:52 of 1st period - Alex Killorn is hit by Doug Janik and loses puck.
15:11 of 1st period - Snap shot by Marek Zagrapan.
15:11 of 1st period - Goal by Marek Zagrapan - Harfangs : 1 - Demolitions : 1.
15:12 of 1st period - Darren Helm wins face-off versus Cam Atkinson in neutral zone.
15:25 of 1st period - Slapshot by Bobby Butler.
15:25 of 1st period - Stopped by Anton Forsberg without a rebound.
15:26 of 1st period - Darren Helm wins face-off versus Jean-Gabriel Pageau in Harfangs zone.
16:02 of 1st period - Wrist shot by Brandon Pirri.
16:02 of 1st period - Deflect By Andrew Campbell.
16:02 of 1st period - Stopped by Joe Cannata with a rebound.
16:16 of 1st period - Snap shot by Matt D'Agostini.
16:16 of 1st period - Deflect By Marek Zagrapan.
16:16 of 1st period - Shot Misses the Net.
16:16 of 1st period - Puck is out of play.
16:17 of 1st period - Matt D'Agostini wins face-off versus Jean-Gabriel Pageau in Harfangs zone.
16:22 of 1st period - Wrist shot by Marek Zagrapan.
16:22 of 1st period - Stopped by Anton Forsberg without a rebound.
16:23 of 1st period - Marek Zagrapan wins face-off versus Jean-Gabriel Pageau in Harfangs zone.
16:34 of 1st period - Slapshot by Matt D'Agostini.
16:34 of 1st period - Stopped by Anton Forsberg without a rebound.
16:35 of 1st period - Jean-Gabriel Pageau wins face-off versus Darren Helm in Harfangs zone.
17:24 of 1st period - Wrist shot by Cameron Schilling.
17:24 of 1st period - Deflect By Marek Zagrapan.
17:24 of 1st period - Shot Misses the Net.
17:24 of 1st period - Puck is out of play.
17:25 of 1st period - Calle Jarnkrok wins face-off versus Marek Zagrapan in Harfangs zone.
17:32 of 1st period - Andrew Orpik is hit by Marek Zagrapan and loses puck.
17:51 of 1st period - Wrist shot by Marek Zagrapan.
17:51 of 1st period - Shot Hit the Post.
17:53 of 1st period - Slapshot by Billy Sweat.
17:53 of 1st period - Shot Misses the Net.
17:55 of 1st period - Slapshot by Matt D'Agostini.
17:55 of 1st period - Deflect By Marek Zagrapan.
17:55 of 1st period - Stopped by Anton Forsberg without a rebound.
17:56 of 1st period - Darren Helm wins face-off versus Jean-Gabriel Pageau in Harfangs zone.
17:59 of 1st period - Snap shot by Bobby Butler.
17:59 of 1st period - Stopped by Anton Forsberg without a rebound.
18:00 of 1st period - Alex Killorn wins face-off versus Ryan Vesce in Harfangs zone.
18:35 of 1st period - Wrist shot by Petri Kontiola.
18:35 of 1st period - Deflect By Nicolas Blanchard.
18:35 of 1st period - Stopped by Joe Cannata without a rebound.
18:36 of 1st period - Jean-Gabriel Pageau wins face-off versus Darren Helm in Demolitions zone.
19:05 of 1st period - Wrist shot by David Laliberté.
19:05 of 1st period - Shot Misses the Net.
19:51 of 1st period - Slapshot by Dustin Jeffrey.
19:51 of 1st period - Stopped by Joe Cannata with a rebound.
19:53 of 1st period - Slapshot by Calle Jarnkrok.
19:53 of 1st period - Stopped by Joe Cannata without a rebound.
19:54 of 1st period - Roman Cervenka wins face-off versus Marek Zagrapan in Demolitions zone.
19:57 of 1st period - Slapshot by Victor Bartley.
19:57 of 1st period - Stopped by Joe Cannata with a rebound.
19:59 of 1st period - Slapshot by Victor Bartley.
19:59 of 1st period - Deflect By Peter Olvecky.
19:59 of 1st period - Shot Misses the Net.
19:59 of 1st period - Puck is out of play.
Goals for this period are 1 for Harfangs vs 1 for Demolitions.
Shots for this period are 12 for Harfangs vs 14 for Demolitions.
2nd period
0:01 of 2nd period - Darren Helm wins face-off versus Jean-Gabriel Pageau in neutral zone.
0:26 of 2nd period - Tomas Tatar is hit by David Rundblad.
0:34 of 2nd period - Snap shot by Brandon Pirri.
0:34 of 2nd period - Shot Blocked by Matt D'Agostini.
1:12 of 2nd period - Off-side.
1:13 of 2nd period - Cam Atkinson wins face-off versus Marek Zagrapan in neutral zone.
1:27 of 2nd period - Cameron Schilling is hit by Cam Atkinson and loses puck.
1:34 of 2nd period - Minor Penalty to Alex Killorn for Roughing.
1:35 of 2nd period - Darren Helm wins face-off versus Petri Kontiola in Harfangs zone.
2:37 of 2nd period - Slapshot by Andrew Orpik.
2:37 of 2nd period - Shot Misses the Net.
3:34 of 2nd period - Penalty to Alex Killorn is over, Alex Killorn is back on ice.
3:37 of 2nd period - Wrist shot by Corban Knight.
3:37 of 2nd period - Stopped by Anton Forsberg without a rebound.
3:38 of 2nd period - Vince Rocco wins face-off versus Calle Jarnkrok in Harfangs zone.
3:41 of 2nd period - Snap shot by Corban Knight.
3:41 of 2nd period - Shot Misses the Net.
3:47 of 2nd period - David Laliberté is hit by Dustin Jeffrey and loses puck.
3:52 of 2nd period - Wrist shot by Calle Jarnkrok.
3:52 of 2nd period - Shot Misses the Net.
3:54 of 2nd period - Snap shot by Dennis Everberg.
3:54 of 2nd period - Stopped by Joe Cannata without a rebound.
3:55 of 2nd period - Jean-Gabriel Pageau wins face-off versus Nicolas Blanchard in Demolitions zone.
4:33 of 2nd period - Slapshot by Andrew Campbell.
4:33 of 2nd period - Shot Blocked by Brian Lashoff.
6:05 of 2nd period - Wrist shot by Roman Cervenka.
6:05 of 2nd period - Shot Blocked by Andrew Campbell.
6:17 of 2nd period - David Laliberté is hit by Alex Killorn and loses puck.
6:24 of 2nd period - Wrist shot by Alex Killorn.
6:24 of 2nd period - Shot Blocked by Andrew Campbell.
6:50 of 2nd period - Bobby Butler is hit by Andrew Orpik and loses puck.
7:15 of 2nd period - Slapshot by Andrew Orpik.
7:15 of 2nd period - Shot Blocked by Nicolas Blanchard.
7:17 of 2nd period - Snap shot by Andrew Orpik.
7:17 of 2nd period - Stopped by Joe Cannata with a rebound.
7:19 of 2nd period - Wrist shot by Peter Olvecky.
7:19 of 2nd period - Shot Misses the Net.
8:06 of 2nd period - Brandon Pirri is hit by Bobby Butler and loses puck.
8:45 of 2nd period - Nicolas Blanchard is hit by Calle Jarnkrok and loses puck.
9:00 of 2nd period - Peter Olvecky is hit by Marek Zagrapan and loses puck.
9:19 of 2nd period - Cameron Schilling is hit by Brian Lashoff.
9:33 of 2nd period - Bobby Butler is hit by Dustin Jeffrey and loses puck.
10:08 of 2nd period - Wrist shot by Corban Knight.
10:08 of 2nd period - Shot Blocked by Dylan Olsen.
10:08 of 2nd period - Dylan Olsen from Harfangs is injured at 10:08 of 2nd period (Upper Body).
10:09 of 2nd period - Darren Helm wins face-off versus Jean-Gabriel Pageau in Harfangs zone.
10:13 of 2nd period - Minor Penalty to Alex Killorn for Interference.
10:14 of 2nd period - Petri Kontiola wins face-off versus Darren Helm in Harfangs zone.
10:14 of 2nd period - Petri Kontiola is hit by Darren Helm.
11:14 of 2nd period - Petri Kontiola is hit by Ryan Vesce and loses puck.
11:25 of 2nd period - David Rundblad is hit by Brian Lashoff and loses puck.
12:13 of 2nd period - Penalty to Alex Killorn is over, Alex Killorn is back on ice.
12:30 of 2nd period - Snap shot by Nicolas Blanchard.
12:30 of 2nd period - Stopped by Anton Forsberg with a rebound.
12:46 of 2nd period - Wrist shot by Dennis Everberg.
12:46 of 2nd period - Deflect By Calle Jarnkrok.
12:46 of 2nd period - Stopped by Joe Cannata without a rebound.
12:47 of 2nd period - Corban Knight wins face-off versus Dustin Jeffrey in Demolitions zone.
12:54 of 2nd period - Slapshot by Corban Knight.
12:54 of 2nd period - Shot Misses the Net.
13:18 of 2nd period - David Laliberté is hit by Dennis Everberg.
13:22 of 2nd period - Snap shot by Josh Beaulieu.
13:22 of 2nd period - Shot Misses the Net.
13:36 of 2nd period - Slapshot by Petri Kontiola.
13:36 of 2nd period - Stopped by Joe Cannata without a rebound.
13:37 of 2nd period - Petri Kontiola wins face-off versus Bobby Butler in Demolitions zone.
13:38 of 2nd period - Wrist shot by Tomas Tatar.
13:38 of 2nd period - Stopped by Joe Cannata with a rebound.
13:57 of 2nd period - Matt D'Agostini is hit by Jean-Gabriel Pageau and loses puck.
14:01 of 2nd period - Icing by Cameron Schilling.
14:02 of 2nd period - Marek Zagrapan wins face-off versus Jean-Gabriel Pageau in Demolitions zone.
14:07 of 2nd period - Victor Bartley is hit by Matt D'Agostini and loses puck.
14:12 of 2nd period - Snap shot by Billy Sweat.
14:12 of 2nd period - Stopped by Anton Forsberg with a rebound.
14:18 of 2nd period - Wrist shot by Marek Zagrapan.
14:18 of 2nd period - Shot Blocked by Cam Fowler.
14:20 of 2nd period - Slapshot by Andrew Campbell.
14:20 of 2nd period - Deflect By Billy Sweat.
14:20 of 2nd period - Shot Misses the Net.
14:20 of 2nd period - Puck is out of play.
14:21 of 2nd period - Darren Helm wins face-off versus Petri Kontiola in Harfangs zone.
14:22 of 2nd period - Wrist shot by Bobby Butler.
14:22 of 2nd period - Shot Misses the Net.
14:24 of 2nd period - Snap shot by Ryan Vesce.
14:24 of 2nd period - Goal by Ryan Vesce - Harfangs : 1 - Demolitions : 2.
14:25 of 2nd period - Darren Helm wins face-off versus Jean-Gabriel Pageau in neutral zone.
14:50 of 2nd period - Victor Bartley is hit by Marek Zagrapan.
15:20 of 2nd period - Brian Lashoff is hit by Josh Beaulieu and loses puck.
16:01 of 2nd period - Icing by Josh Beaulieu.
16:02 of 2nd period - Nicolas Blanchard wins face-off versus Petri Kontiola in Demolitions zone.
16:17 of 2nd period - Wrist shot by Petri Kontiola.
16:17 of 2nd period - Stopped by Joe Cannata without a rebound.
16:18 of 2nd period - Darren Helm wins face-off versus Alex Killorn in Demolitions zone.
16:35 of 2nd period - Victor Bartley is hit by Cameron Schilling and loses puck.
17:19 of 2nd period - Minor Penalty to Andrew Campbell for Roughing.
17:20 of 2nd period - Bobby Butler wins face-off versus Petri Kontiola in Demolitions zone.
17:49 of 2nd period - Icing by Alex Killorn.
17:50 of 2nd period - Jean-Gabriel Pageau wins face-off versus Bobby Butler in Harfangs zone.
19:12 of 2nd period - Off-side.
19:13 of 2nd period - Petri Kontiola wins face-off versus Ryan Vesce in neutral zone.
19:19 of 2nd period - Penalty to Andrew Campbell is over, Andrew Campbell is back on ice.
19:46 of 2nd period - Slapshot by David Rundblad.
19:46 of 2nd period - Stopped by Anton Forsberg with a rebound.
19:48 of 2nd period - Snap shot by David Laliberté.
19:48 of 2nd period - Shot Misses the Net.
19:50 of 2nd period - Snap shot by David Rundblad.
19:50 of 2nd period - Stopped by Anton Forsberg without a rebound.
19:51 of 2nd period - Nicolas Blanchard wins face-off versus Jean-Gabriel Pageau in Harfangs zone.
Goals for this period are 0 for Harfangs vs 1 for Demolitions.
Shots for this period are 6 for Harfangs vs 6 for Demolitions.
3rd period
0:01 of 3rd period - Darren Helm wins face-off versus Jean-Gabriel Pageau in neutral zone.
0:32 of 3rd period - Slapshot by Cam Fowler.
0:32 of 3rd period - Deflect By Doug Janik.
0:32 of 3rd period - Stopped by Joe Cannata without a rebound.
0:33 of 3rd period - Petri Kontiola wins face-off versus Darren Helm in Demolitions zone.
0:34 of 3rd period - Slapshot by Brandon Pirri.
0:34 of 3rd period - Shot Misses the Net.
0:36 of 3rd period - Slapshot by Brandon Pirri.
0:36 of 3rd period - Shot Misses the Net.
0:38 of 3rd period - Slapshot by Brian Lashoff.
0:38 of 3rd period - Deflect By Petri Kontiola.
0:38 of 3rd period - Shot Misses the Net.
0:38 of 3rd period - Puck is out of play.
0:39 of 3rd period - Tomas Tatar wins face-off versus Darren Helm in Demolitions zone.
1:14 of 3rd period - Alex Killorn is hit by Andrew Campbell and loses puck.
1:33 of 3rd period - Slapshot by Dennis Everberg.
1:33 of 3rd period - Deflect By Calle Jarnkrok.
1:33 of 3rd period - Stopped by Joe Cannata with a rebound.
1:35 of 3rd period - Snap shot by Victor Bartley.
1:35 of 3rd period - Shot Blocked by Andrew Campbell.
1:37 of 3rd period - Snap shot by Dustin Jeffrey.
1:37 of 3rd period - Goal by Dustin Jeffrey - Harfangs : 2 - Demolitions : 2.
1:38 of 3rd period - Darren Helm wins face-off versus Jean-Gabriel Pageau in neutral zone.
1:47 of 3rd period - Slapshot by Ryan Vesce.
1:47 of 3rd period - Stopped by Anton Forsberg with a rebound.
1:49 of 3rd period - Slapshot by Doug Janik.
1:49 of 3rd period - Shot Blocked by Cam Fowler.
2:35 of 3rd period - Dustin Jeffrey is hit by Josh Beaulieu and loses puck.
2:52 of 3rd period - Bobby Butler is hit by Brian Lashoff and loses puck.
3:49 of 3rd period - Slapshot by Victor Bartley.
3:49 of 3rd period - Deflect By Doug Janik.
3:49 of 3rd period - Stopped by Joe Cannata with a rebound.
4:10 of 3rd period - Minor Penalty to Ryan Vesce for Charging.
4:11 of 3rd period - Bobby Butler wins face-off versus Petri Kontiola in Demolitions zone.
4:46 of 3rd period - Slapshot by David Rundblad.
4:46 of 3rd period - Shot Blocked by Victor Bartley.
4:48 of 3rd period - Wrist shot by Nicolas Blanchard.
4:48 of 3rd period - Stopped by Anton Forsberg with a rebound.
4:50 of 3rd period - Slapshot by Andrew Campbell.
4:50 of 3rd period - Shot Blocked by Brandon Pirri.
5:01 of 3rd period - Icing by Victor Bartley.
5:02 of 3rd period - Bobby Butler wins face-off versus Jean-Gabriel Pageau in Harfangs zone.
5:09 of 3rd period - Snap shot by Darren Helm.
5:09 of 3rd period - Shot Misses the Net.
5:29 of 3rd period - Wrist shot by Petri Kontiola.
5:29 of 3rd period - Stopped by Joe Cannata with a rebound.
6:00 of 3rd period - David Rundblad is hit by Jean-Gabriel Pageau and loses puck.
6:10 of 3rd period - Penalty to Ryan Vesce is over, Ryan Vesce is back on ice.
6:21 of 3rd period - Ryan Vesce is hit by Petri Kontiola.
6:25 of 3rd period - Slapshot by Doug Janik.
6:25 of 3rd period - Deflect By Ryan Vesce.
6:25 of 3rd period - Shot Blocked by Dennis Everberg.
6:25 of 3rd period - Puck is out of play.
6:26 of 3rd period - Marek Zagrapan wins face-off versus Calle Jarnkrok in Harfangs zone.
6:31 of 3rd period - Snap shot by Matt D'Agostini.
6:31 of 3rd period - Shot Misses the Net.
7:39 of 3rd period - Victor Bartley is hit by Robert Bortuzzo.
7:43 of 3rd period - Snap shot by Calle Jarnkrok.
7:43 of 3rd period - Shot Misses the Net.
7:45 of 3rd period - Slapshot by Calle Jarnkrok.
7:45 of 3rd period - Stopped by Joe Cannata with a rebound.
7:47 of 3rd period - Snap shot by Dennis Everberg.
7:47 of 3rd period - Shot Misses the Net.
8:13 of 3rd period - Victor Bartley is hit by Corban Knight.
9:03 of 3rd period - Wrist shot by Victor Bartley.
9:03 of 3rd period - Stopped by Joe Cannata with a rebound.
9:05 of 3rd period - Slapshot by Cam Fowler.
9:05 of 3rd period - Stopped by Joe Cannata with a rebound.
9:07 of 3rd period - Snap shot by Peter Olvecky.
9:07 of 3rd period - Stopped by Joe Cannata with a rebound.
9:09 of 3rd period - Wrist shot by Roman Cervenka.
9:09 of 3rd period - Stopped by Joe Cannata with a rebound.
9:11 of 3rd period - Slapshot by Victor Bartley.
9:11 of 3rd period - Shot Misses the Net.
9:13 of 3rd period - Snap shot by Victor Bartley.
9:13 of 3rd period - Deflect By Peter Olvecky.
9:13 of 3rd period - Goal by Peter Olvecky - Harfangs : 3 - Demolitions : 2.
9:14 of 3rd period - Jean-Gabriel Pageau wins face-off versus Darren Helm in neutral zone.
9:39 of 3rd period - Cameron Schilling is hit by Andrew Orpik and loses puck.
9:45 of 3rd period - Off-side.
9:46 of 3rd period - Calle Jarnkrok wins face-off versus Marek Zagrapan in neutral zone.
10:05 of 3rd period - Wrist shot by Dustin Jeffrey.
10:05 of 3rd period - Deflect By Dennis Everberg.
10:05 of 3rd period - Shot Misses the Net.
10:05 of 3rd period - Puck is out of play.
10:06 of 3rd period - Darren Helm wins face-off versus Alex Killorn in Demolitions zone.
10:06 of 3rd period - Darren Helm is hit by Alex Killorn.
10:41 of 3rd period - Wrist shot by Tomas Tatar.
10:41 of 3rd period - Stopped by Joe Cannata without a rebound.
10:42 of 3rd period - Jean-Gabriel Pageau wins face-off versus Darren Helm in Demolitions zone.
10:49 of 3rd period - Wrist shot by Ryan Vesce.
10:49 of 3rd period - Shot Misses the Net.
10:51 of 3rd period - Snap shot by Ryan Vesce.
10:51 of 3rd period - Shot Misses the Net.
10:53 of 3rd period - Wrist shot by Darren Helm.
10:53 of 3rd period - Stopped by Anton Forsberg without a rebound.
10:54 of 3rd period - Ryan Vesce wins face-off versus Jean-Gabriel Pageau in Harfangs zone.
11:15 of 3rd period - Ryan Vesce is hit by Victor Bartley and loses puck.
11:28 of 3rd period - Doug Janik is hit by Cam Atkinson and loses puck.
11:58 of 3rd period - Slapshot by Ryan Vesce.
11:58 of 3rd period - Shot Misses the Net.
12:06 of 3rd period - Snap shot by Ryan Vesce.
12:06 of 3rd period - Stopped by Anton Forsberg with a rebound.
12:08 of 3rd period - Slapshot by Cameron Schilling.
12:08 of 3rd period - Deflect By Alex Killorn.
12:08 of 3rd period - Stopped by Anton Forsberg with a rebound.
12:10 of 3rd period - Snap shot by Doug Janik.
12:10 of 3rd period - Shot Blocked by Jean-Gabriel Pageau.
12:12 of 3rd period - Slapshot by Darren Helm.
12:12 of 3rd period - Deflect By Cam Atkinson.
12:12 of 3rd period - Goal by Darren Helm - Harfangs : 3 - Demolitions : 3.
12:13 of 3rd period - Petri Kontiola wins face-off versus Matt D'Agostini in neutral zone.
12:39 of 3rd period - Calle Jarnkrok is hit by Nicolas Blanchard and loses puck.
12:48 of 3rd period - Slapshot by David Laliberté.
12:48 of 3rd period - Stopped by Anton Forsberg without a rebound.
12:49 of 3rd period - Nicolas Blanchard wins face-off versus Petri Kontiola in Harfangs zone.
12:52 of 3rd period - Wrist shot by Nicolas Blanchard.
12:52 of 3rd period - Stopped by Anton Forsberg with a rebound.
12:54 of 3rd period - Slapshot by Robert Bortuzzo.
12:54 of 3rd period - Stopped by Anton Forsberg with a rebound.
12:56 of 3rd period - Slapshot by Robert Bortuzzo.
12:56 of 3rd period - Shot Blocked by Brandon Pirri.
13:24 of 3rd period - Snap shot by Matt D'Agostini.
13:24 of 3rd period - Stopped by Anton Forsberg without a rebound.
13:25 of 3rd period - Jean-Gabriel Pageau wins face-off versus Darren Helm in Harfangs zone.
13:25 of 3rd period - Jean-Gabriel Pageau is hit by Doug Janik.
14:01 of 3rd period - Ryan Vesce is hit by Calle Jarnkrok and loses puck.
14:15 of 3rd period - Off-side.
14:16 of 3rd period - Petri Kontiola wins face-off versus Marek Zagrapan in neutral zone.
14:25 of 3rd period - Wrist shot by Tomas Tatar.
14:25 of 3rd period - Stopped by Joe Cannata with a rebound.
14:27 of 3rd period - Slapshot by Victor Bartley.
14:27 of 3rd period - Stopped by Joe Cannata with a rebound.
14:29 of 3rd period - Slapshot by Cam Fowler.
14:29 of 3rd period - Deflect By Tomas Tatar.
14:29 of 3rd period - Stopped by Joe Cannata with a rebound.
14:31 of 3rd period - Slapshot by Victor Bartley.
14:31 of 3rd period - Deflect By Petri Kontiola.
14:31 of 3rd period - Goal by Petri Kontiola - Harfangs : 4 - Demolitions : 3.
14:32 of 3rd period - Darren Helm wins face-off versus Jean-Gabriel Pageau in neutral zone.
14:32 of 3rd period - Doug Janik is hit by Alex Killorn.
14:48 of 3rd period - Snap shot by Ryan Vesce.
14:48 of 3rd period - Shot Misses the Net.
14:54 of 3rd period - Minor Penalty to Jean-Gabriel Pageau for Roughing.
14:55 of 3rd period - Petri Kontiola wins face-off versus Darren Helm in Harfangs zone.
14:55 of 3rd period - Petri Kontiola is hit by Ryan Vesce.
16:05 of 3rd period - Calle Jarnkrok is hit by Marek Zagrapan and loses puck.
16:54 of 3rd period - Penalty to Jean-Gabriel Pageau is over, Jean-Gabriel Pageau is back on ice.
17:07 of 3rd period - Icing by Alex Killorn.
17:08 of 3rd period - Nicolas Blanchard wins face-off versus Jean-Gabriel Pageau in Harfangs zone.
17:19 of 3rd period - Wrist shot by Nicolas Blanchard.
17:19 of 3rd period - Shot Misses the Net.
17:21 of 3rd period - Snap shot by Josh Beaulieu.
17:21 of 3rd period - Stopped by Anton Forsberg without a rebound.
17:22 of 3rd period - Marek Zagrapan wins face-off versus Calle Jarnkrok in Harfangs zone.
17:25 of 3rd period - Slapshot by Marek Zagrapan.
17:25 of 3rd period - Stopped by Anton Forsberg with a rebound.
17:27 of 3rd period - Slapshot by Andrew Campbell.
17:27 of 3rd period - Shot Blocked by Dennis Everberg.
17:54 of 3rd period - Backhand shot by Bobby Butler.
17:54 of 3rd period - Deflect By Darren Helm.
17:54 of 3rd period - Stopped by Anton Forsberg with a rebound.
18:49 of 3rd period - Demolitions, Joe Cannata is pulled from the net.
19:11 of 3rd period - Snap shot by David Laliberté.
19:11 of 3rd period - Shot Hit the Post.
19:13 of 3rd period - Slapshot by Robert Bortuzzo.
19:13 of 3rd period - Shot Blocked by Cam Fowler.
19:19 of 3rd period - Snap shot by David Laliberté.
19:19 of 3rd period - Shot Misses the Net.
19:21 of 3rd period - Snap shot by Josh Beaulieu.
19:21 of 3rd period - Deflect By David Laliberté.
19:21 of 3rd period - Goal by David Laliberté - Harfangs : 4 - Demolitions : 4.
19:21 of 3rd period - Joe Cannata from Demolitions was sent back in the game.
19:22 of 3rd period - Corban Knight wins face-off versus Calle Jarnkrok in neutral zone.
19:25 of 3rd period - Slapshot by Cameron Schilling.
19:25 of 3rd period - Deflect By Bobby Butler.
19:25 of 3rd period - Shot Misses the Net.
19:25 of 3rd period - Puck is out of play.
19:26 of 3rd period - Calle Jarnkrok wins face-off versus Corban Knight in Harfangs zone.
19:48 of 3rd period - Minor Penalty to Brian Lashoff for Hooking.
19:49 of 3rd period - Petri Kontiola wins face-off versus Darren Helm in Harfangs zone.
Goals for this period are 3 for Harfangs vs 2 for Demolitions.
Shots for this period are 16 for Harfangs vs 14 for Demolitions.
Overtime #1
0:01 of 1st overtime period - Jean-Gabriel Pageau wins face-off versus Bobby Butler in neutral zone.
0:12 of 1st overtime period - Wrist shot by Jean-Gabriel Pageau.
0:12 of 1st overtime period - Stopped by Joe Cannata with a rebound.
0:14 of 1st overtime period - Slapshot by Victor Bartley.
0:14 of 1st overtime period - Shot Blocked by Bobby Butler.
0:16 of 1st overtime period - Slapshot by Cam Fowler.
0:16 of 1st overtime period - Deflect By Jean-Gabriel Pageau.
0:16 of 1st overtime period - Shot Misses the Net.
0:16 of 1st overtime period - Puck is out of play.
0:17 of 1st overtime period - Bobby Butler wins face-off versus Jean-Gabriel Pageau in Demolitions zone.
1:45 of 1st overtime period - Victor Bartley is hit by Andrew Campbell and loses puck.
1:48 of 1st overtime period - Penalty to Brian Lashoff is over, Brian Lashoff is back on ice.
1:58 of 1st overtime period - Slapshot by Victor Bartley.
1:58 of 1st overtime period - Stopped by Joe Cannata with a rebound.
2:00 of 1st overtime period - Slapshot by Victor Bartley.
2:00 of 1st overtime period - Shot Misses the Net.
2:02 of 1st overtime period - Backhand shot by Roman Cervenka.
2:02 of 1st overtime period - Stopped by Joe Cannata with a rebound.
2:04 of 1st overtime period - Slapshot by Victor Bartley.
2:04 of 1st overtime period - Stopped by Joe Cannata with a rebound.
2:06 of 1st overtime period - Slapshot by Brian Lashoff.
2:06 of 1st overtime period - Shot Misses the Net.
2:08 of 1st overtime period - Snap shot by Victor Bartley.
2:08 of 1st overtime period - Stopped by Joe Cannata without a rebound.
2:09 of 1st overtime period - Petri Kontiola wins face-off versus Bobby Butler in Demolitions zone.
2:14 of 1st overtime period - Wrist shot by Alex Killorn.
2:14 of 1st overtime period - Stopped by Joe Cannata with a rebound.
2:18 of 1st overtime period - Wrist shot by Alex Killorn.
2:18 of 1st overtime period - Shot Misses the Net.
2:20 of 1st overtime period - Snap shot by Andrew Orpik.
2:20 of 1st overtime period - Stopped by Joe Cannata with a rebound.
2:22 of 1st overtime period - Snap shot by Petri Kontiola.
2:22 of 1st overtime period - Shot Blocked by Bobby Butler.
2:56 of 1st overtime period - Snap shot by Jean-Gabriel Pageau.
2:56 of 1st overtime period - Deflect By David Rundblad.
2:56 of 1st overtime period - Shot Misses the Net.
2:56 of 1st overtime period - Puck is out of play.
2:57 of 1st overtime period - Jean-Gabriel Pageau wins face-off versus Bobby Butler in Demolitions zone.
3:02 of 1st overtime period - Wrist shot by Jean-Gabriel Pageau.
3:02 of 1st overtime period - Deflect By Cam Atkinson.
3:02 of 1st overtime period - Shot Blocked by Cameron Schilling.
3:02 of 1st overtime period - Puck is out of play.
3:03 of 1st overtime period - Bobby Butler wins face-off versus Petri Kontiola in Demolitions zone.
3:09 of 1st overtime period - Off-side.
3:10 of 1st overtime period - Bobby Butler wins face-off versus Petri Kontiola in neutral zone.
3:26 of 1st overtime period - Snap shot by Bobby Butler.
3:26 of 1st overtime period - Stopped by Anton Forsberg without a rebound.
3:27 of 1st overtime period - Darren Helm wins face-off versus Petri Kontiola in Harfangs zone.
4:26 of 1st overtime period - Icing by David Rundblad.
4:27 of 1st overtime period - Bobby Butler wins face-off versus Petri Kontiola in Demolitions zone.
Goals for this period are 0 for Harfangs vs 0 for Demolitions.
Shots for this period are 7 for Harfangs vs 1 for Demolitions.
ShootOut
5:00 of 1st overtime period - Penalty Shot by Cam Atkinson for Harfangs.
5:00 of 1st overtime period - Backhand shot by Cam Atkinson.
5:00 of 1st overtime period - Stopped by Joe Cannata.
5:00 of 1st overtime period - Penalty Shot by Bobby Butler for Demolitions.
5:00 of 1st overtime period - Snap shot by Bobby Butler.
5:00 of 1st overtime period - Shot Misses the Net.
5:00 of 1st overtime period - Penalty Shot by Tomas Tatar for Harfangs.
5:00 of 1st overtime period - Deke by Tomas Tatar.
5:00 of 1st overtime period - Goal by Tomas Tatar.
5:00 of 1st overtime period - Penalty Shot by Darren Helm for Demolitions.
5:00 of 1st overtime period - Wrist shot by Darren Helm.
5:00 of 1st overtime period - Stopped by Anton Forsberg.
5:00 of 1st overtime period - Penalty Shot by Dustin Jeffrey for Harfangs.
5:00 of 1st overtime period - Snap shot by Dustin Jeffrey.
5:00 of 1st overtime period - Shot Misses the Net.
5:00 of 1st overtime period - Penalty Shot by Ryan Vesce for Demolitions.
5:00 of 1st overtime period - Snap shot by Ryan Vesce.
5:00 of 1st overtime period - Goal by Ryan Vesce.
5:00 of 1st overtime period - Penalty Shot by Peter Olvecky for Harfangs.
5:00 of 1st overtime period - Deke by Peter Olvecky.
5:00 of 1st overtime period - Shot Misses the Net.
5:00 of 1st overtime period - Penalty Shot by Matt D'Agostini for Demolitions.
5:00 of 1st overtime period - Wrist shot by Matt D'Agostini.
5:00 of 1st overtime period - Stopped by Anton Forsberg.
5:00 of 1st overtime period - Penalty Shot by Petri Kontiola for Harfangs.
5:00 of 1st overtime period - Deke by Petri Kontiola.
5:00 of 1st overtime period - Stopped by Joe Cannata.
5:00 of 1st overtime period - Penalty Shot by David Laliberté for Demolitions.
5:00 of 1st overtime period - Deke by David Laliberté.
5:00 of 1st overtime period - Stopped by Anton Forsberg.
5:00 of 1st overtime period - Penalty Shot by Alex Killorn for Harfangs.
5:00 of 1st overtime period - Wrist shot by Alex Killorn.
5:00 of 1st overtime period - Stopped by Joe Cannata.
5:00 of 1st overtime period - Penalty Shot by Cameron Schilling for Demolitions.
5:00 of 1st overtime period - Deke by Cameron Schilling.
5:00 of 1st overtime period - Goal by Cameron Schilling.
Back to the Top